 Dungeon Crawl Stone Soup version 0.18-a0-1203-gbde16db (webtiles) character file.

136 Ijustatesigmund the Skirmisher (level 4, -3/37 HPs)
             Began as a Demonspawn Fighter on Feb 1, 2016.
             Slain by a gnoll
             ... wielding a +0 halberd
              (6 damage)
             ... on level 3 of the Dungeon.
             The game lasted 00:05:40 (2313 turns).

Ijustatesigmund the Skirmisher (Demonspawn Fighter) Turns: 2313, Time: 00:05:40

Health: -3/37      AC:  8    Str: 17    XL:     4   Next: 98%
Magic:  4/4        EV:  6    Int:  9    God:
Gold:   80         SH:  8    Dex: 15    Spells: 0 memorised, 3 levels left

rFire  + . .     SeeInvis .     a - +0 flail
rCold  + . .     Gourm    .     b - +0 scale mail
rNeg   . . .     Faith    .     c - +0 shield
rPois  +         Spirit   .     d - +1 helmet
rElec  +         Dismiss  .     (no cloak)
rCorr  +         Reflect  .     (no gloves)
SustAt .         Harm     .     (no boots)
MR     .....                    (no amulet)
Stlth  +.........               (no ring)
                                (no ring)

@: resistant, heavily drained, not resistant to hostile enchantments, very
unstealthy
A: thin skeletal structure 1
a: no special abilities


You were on level 3 of the Dungeon.
You were not hungry.

You visited 1 branch of the dungeon, and saw 3 of its levels.

You collected 80 gold pieces.

Inventory:

Hand Weapons
 a - a +0 flail (weapon)
Armour
 b - a +0 scale mail (worn)
 c - a +0 shield (worn)
 d - a +1 helmet (worn)
Wands
 m - a wand of draining (0/15)
Scrolls
 h - a scroll of enchant weapon {unknown}
 p - 3 scrolls of identify {unknown}
 q - 2 scrolls of teleportation {unknown}
 r - a scroll of remove curse {unknown}
Potions
 e - a potion of lignification {unknown}
 g - a potion of heal wounds {unknown}
 i - a potion of brilliance {unknown}
 n - a potion of agility {unknown}
 o - a potion of cancellation {unknown}
 s - a potion of poison {unknown}
Comestibles
 f - 4 bread rations
 j - 3 meat rations
 k - a beef jerky


   Skills:
 + Level 4.1(2.9) Fighting
 * Level 3.9(2.7) Maces & Flails
 - Level 2.6(1.5) Armour
 - Level 2.6(1.5) Shields


You had 3 spell levels left.
You didn't know any spells.

Dungeon Overview and Level Annotations

Branches:
Dungeon (3/15)

Altars:
Cheibriados
Elyvilon
Vehumet


Innate Abilities, Weirdness & Mutations

You have a somewhat thin skeletal structure (Dex +2, Stealth).


Message History

You block the gnoll's attack. The gnoll hits you but does no damage.
You hit the gnoll.
You kill the gnoll!
The gnoll hits you from afar with a halberd!
The gnoll hits you from afar with a halberd.
Things that are here:
a spear; a gnoll corpse You hit the gnoll.
The gnoll is moderately wounded.
The gnoll barely misses you. The gnoll hits you with a halberd!
* * * LOW HITPOINT WARNING * * *
You are too injured to fight recklessly!
You are too injured to fight recklessly!
Drink which item? (? for menu, Esc to quit)
It was a potion of resistance.
You feel protected.
You thump the gnoll!
The gnoll is almost dead.
The gnoll hits you with a halberd.
You die...

.....##(####.#.
..>..........gs
#....(....ggg. #g# #g#
#.# #.#################
#.# #......)...........
#.############(.....####
#....)g@.....'......#
##############..(...#
##'##### #.# #.# #.#
###### ########.# #.....
#........# #.....
#.######## #.....


You could see a gnoll.

Vanquished Creatures
  Robin (D:3)
  3 gnolls (D:3)
  2 adders (D:2)
  An ooze (D:2)
  A worm (D:2)
  5 giant geckos
  4 giant cockroaches
  15 goblins
  5 hobgoblins
  2 jackals (D:2)
  7 kobolds
  2 quokkas (D:2)
  3 bats
  3 giant newts (D:1)
  13 rats
67 creatures vanquished.

Vanquished Creatures (others)
  2 goblins (D:3)
  A hobgoblin (D:3)
  A kobold (D:3)
4 creatures vanquished.

Grand Total: 71 creatures vanquished

Notes
Turn   | Place    | Note
--------------------------------------------------------------
     0 | D:1      | Ijustatesigmund the Demonspawn Fighter began the quest for the Orb.
     0 | D:1      | Reached XP level 1. HP: 18/18 MP: 1/1
   284 | D:1      | Gained mutation: You have a somewhat thin skeletal structure (Dex +2, Stealth). [demonic ancestry]
   284 | D:1      | Reached XP level 2. HP: 18/24 MP: 2/2
   860 | D:2      | Reached XP level 3. HP: 25/29 MP: 3/3
  1523 | D:2      | Reached XP level 4. HP: 25/37 MP: 4/4
  1720 | D:3      | Found a snail-covered altar of Cheibriados.
  1720 | D:3      | Found a white marble altar of Elyvilon.
  1765 | D:3      | Noticed Robin
  1795 | D:3      | Killed Robin
  1799 | D:3      | Reached skill level 4 in Fighting
  2282 | D:3      | Found a radiant altar of Vehumet.
  2313 | D:3      | Slain by a gnoll

Vault maps used:
D:1:      elethiomel_arrival_infinity_welcomes_careful_drivers
D:2:      wad_river_or_something, first_bread
D:3:      kennysheep_okawaru_gauntlet, fiery_altar_vehumet,
          gammafunk_temple_overflow_statue, kennysheep_generic_room_11,
          uniq_robin

Action                   |  1- 3 |  4- 6 || total
-------------------------+-------+-------++-------
Melee: Flail             |   183 |    59 ||   242
Evoke: Wand              |       |     1 ||     1
  Use: Scroll            |     1 |       ||     1
       Potion            |       |     3 ||     3
  Eat: Chunk             |     2 |     2 ||     4
       Royal jelly       |       |     1 ||     1
